 Dungeon Crawl Stone Soup version 0.24-a0-226-gca05e9d (webtiles) character file.

Game seed: 18042543400066434787

2683 junb69 the Nimble (level 9, -1/46 HPs)
             Began as a Felid Venom Mage on Mar 31, 2019.
             Was a High Priest of Ashenzari.
             Killed by divine providence
             ... invoked by an orc priest
              (12 damage)
             ... on level 10 of the Dungeon on May 3, 2019.
             The game lasted 01:15:55 (19384 turns).

junb69 the Nimble (Felid Venom Mage)               Turns: 19384, Time: 01:15:56

Health: -1/46      AC:  2    Str:  5    XL:     9   Next: 37%
Magic:  32/32      EV: 31    Int: 18    God:    Ashenzari [*****.]
Gold:   529        SH:  0    Dex: 22    Spells: 15/26 levels left
                                        Lives:  0   Deaths: 3

rFire    + . .     SeeInvis +     - Unarmed
rCold    + . .     Gourm    .   (shield unavailable)
rNeg     . . .     Faith    .   (armour unavailable)
rPois    .         Spirit   .   (helmet unavailable)
rElec    .         Reflect  .   (cloak unavailable)
rCorr    .         Harm     .   (gloves unavailable)
MR       +....     Clarity  +   (boots unavailable)
Stlth    +++++.....             (no amulet)
HPRegen  0.15/turn              i - ring of protection from fire (curse)
MPRegen  0.23/turn              s - ring of Vipt {rC+ MP+9} (curse)

@: quick
A: very small, no armour, no weapons or thrown items, stealth, claws 1, fangs 3,
repulsion field 1, thin skeletal structure 1, camouflage 1, see invisible, agile
1, carnivore, speed 1, shaggy fur 2, slow metabolism 1, wild magic 1, sharp paws
a: Curse Item, Scrying, Transfer Knowledge, Renounce Religion


You were on level 10 of the Dungeon.
You worshipped Ashenzari.
Ashenzari was extremely pleased with you.
You were not hungry.

You visited 2 branches of the dungeon, and saw 15 of its levels.

You collected 529 gold pieces.

Inventory:

Jewellery
 a - an uncursed ring of ice
 i - a cursed ring of protection from fire (left paw)
 m - an uncursed amulet of guardian spirit
 s - the cursed ring of Vipt (right paw) {rC+ MP+9}
   (You found it on level 4 of the Dungeon)

   [ring of magical power]

   It protects you from cold.
   It affects your magic capacity (+9).
   It has a curse placed upon it.
Wands
 q - a wand of polymorph (1)
Scrolls
 f - a scroll of vulnerability {unknown}
 k - 6 scrolls of remove curse
 n - 2 scrolls of fog
 o - a scroll of fear {unknown}
 r - a scroll of enchant armour {unknown}
 t - 4 scrolls of amnesia {unknown}
 u - 2 scrolls of magic mapping {unknown}
 y - a scroll of immolation {unknown}
Potions
 c - 2 potions of berserk rage {unknown}
 d - 2 potions of curing
 e - 3 potions of haste
 h - a potion of magic
 j - a potion of agility {unknown}
 l - a potion of resistance
 p - a potion of brilliance {unknown}
 v - a potion of lignification {unknown}
 w - a potion of flight
 x - a potion of degeneration {unknown}
Miscellaneous
 g - a phial of floods
Comestibles
 b - 18 rations


   Skills:
 * Level 9.7 Fighting
 - Level 10.6 Dodging
 - Level 5.3 Stealth
 - Level 2.4 Unarmed Combat
 * Level 9.2 Spellcasting
 - Level 8.2(10.8) Conjurations
 - Level 5.0(7.6) Poison Magic
 - Level 2.0(4.0) Evocations


You had 15 spell levels left.
You knew the following spells:

 Your Spells              Type           Power        Failure   Level  Hunger
a - Sting                 Conj/Pois      ####         1%          1    None
b - Mephitic Cloud        Conj/Pois/Air  #####...     3%          3    None
c - Poisonous Vapours     Pois/Air       ####..       4%          2    None
d - Venom Bolt            Conj/Pois      ######....   9%          5    #####..

Your spell library contained the following spells:

 Spells                   Type           Power        Failure   Level  Hunger
 Olgreb's Toxic Radiance  Pois           #####...     6%          4    ###....


Dungeon Overview and Level Annotations

Branches:
Dungeon (11/15)            Temple (0/1) D:6            Lair (4/6) D:9
  Swamp (0/4) Lair:4        Snake (0/4) Lair:3
    Orc: D:9-12

Altars:
Ashenzari
Dithmenos
Elyvilon
Kikubaaqudgha
Makhleb
Ru
Xom
Yredelemnul
Zin

Annotations:
D:2 exclusion: adder
D:4 exclusion: door, Menkaure
D:5 1 runed translucent door, Crazy Yiuf
D:7 exclusion: skeleton
D:11 Harold, Nergalle
Lair:1 exclusion: oklob plant, Grum
Lair:2 exclusion: black mamba
Lair:4 exclusion: spiny frog


Innate Abilities, Weirdness & Mutations

You cannot wear armour.
You are incapable of wielding weapons or throwing items.
Your paws allow you to move quietly. (Stealth)
You have sharp claws.
You have razor-sharp teeth.
You have supernaturally acute eyesight. (SInv)
You are carnivorous and can eat meat at any time.
You cover ground quickly.
You are covered in thick fur. (AC +2)
You have a slow metabolism.
Your sharp claws are effective at attacking unaware monsters.
You are surrounded by a mild repulsion field. (EV +2)
You have a somewhat thin skeletal structure. (Dex +2, Stealth)
Your skin changes colour to match your surroundings (Stealth+).
You are agile. (Dex +2)
Your spells are a little harder to cast, but a little more powerful.


Message History

The orc priest shouts! x2
The orc priest invokes the aid of Beogh against you.
Beogh smites you! The orc priest hits you.
The orc priest miscasts a cantrip.
The orc priest invokes the aid of Beogh against you.
Pain shoots through your body! The orc priest misses you.
The orc priest completely misses you. x2
The orc priest completely misses you. x2
The orc priest looks braver for a moment.
The orc priest completely misses you. The orc priest closely misses you.
The orc priest completely misses you.
The orc priest calls down the wrath of Beogh upon you.
Beogh smites you!
* * * LOW HITPOINT WARNING * * *
The orc priest completely misses you.
The orc priest mumbles some strange prayers to Beogh against you.
Beogh smites you!
You die...

##.......###.....######.#
#......................#
#......................#
#......................#
#.......................
#...........†...........
#.............######..##
#...<..o......#....#..#.
#......@o.....#....##'#.
*#.............#.........
*..............####......
.................#......
#.##########.....#......
#.* #.....#####'# *
#............ ,*
#.#####...... #.# #......


You could see 2 orc priests.

Vanquished Creatures
  Fannar (D:10)
  A two-headed ogre (D:8)
  A torpor snail (Lair:1)
  A yaktaur (Lair:3)
  A komodo dragon (Lair:3)
  A queen bee (Lair:2)
  A troll (D:9)
  2 polar bears
  2 hippogriffs
  4 blink frogs
  5 dream sheep
  Sigmund (D:3)
  14 yaks
  4 nagas (Lair:3)
  14 porcupines
  5 water moccasins
  2 black bears
  A hornet zombie (D:10)
  4 orc warriors
  2 sky beasts (D:9)
  An ogre (D:5)
  A centaur (D:9)
  10 wolves
  5 crocodiles
  Blork the orc (D:5)
  13 bullfrogs
  A big kobold (D:8)
  4 scorpions
  4 killer bees (D:9)
  4 howler monkeys
  A bullfrog zombie (D:10)
  3 hounds
  15 orc wizards
  A centaur skeleton (D:9)
  3 orc priests
  3 jellies
  An iguana (D:4)
  5 worker ants
  A hound zombie (D:8)
  8 adders
  4 gnolls
  2 oozes
  A worm (D:2)
  3 dart slugs
  4 leopard geckos
  31 orcs
  10 bats
  5 giant cockroaches
  9 goblins
  8 hobgoblins
  6 jackals
  2 quokkas
  A ball python (D:6)
  6 frilled lizards
  7 kobolds
  10 rats
261 creatures vanquished.

Vanquished Creatures (collateral kills)
  A vampire mosquito (Lair:4)
1 creature vanquished.

Vanquished Creatures (others)
  46 fungi
  21 plants
67 creatures vanquished.

Grand Total: 329 creatures vanquished

Notes
Turn   | Place    | Note
-------+----------+-------------------------------------------
     0 | D:1      | junb69 the Felid Venom Mage began the quest for the Orb.
     0 | D:1      | Reached XP level 1. HP: 7/7 MP: 4/4
   198 | D:1      | Reached XP level 2. HP: 11/11 MP: 3/6
   306 | D:1      | Reached skill level 1 in Conjurations
   684 | D:1      | Reached XP level 3. HP: 10/14 MP: 0/7
   742 | D:1      | Learned a level 3 spell: Mephitic Cloud
  1099 | D:2      | Found a shadowy altar of Dithmenos.
  1345 | D:2      | Found a glowing silver altar of Zin.
  2010 | D:2      | Reached XP level 4. HP: 18/18 MP: 6/9
  2051 | D:3      | Learned a level 2 spell: Poisonous Vapours
  2115 | D:3      | Found a shattered altar of Ashenzari.
  2123 | D:3      | Became a worshipper of Ashenzari the Shackled
  2141 | D:3      | Noticed Sigmund
  3271 | D:3      | Killed Sigmund
  3271 | D:3      | Reached XP level 5. HP: 21/21 MP: 0/11
  3271 | D:3      | Gained mutation: You are covered in thick fur. (AC +2)
                  | [Felid growth]
  3271 | D:3      | Reached XP level 6. HP: 24/24 MP: 0/12
  3283 | D:3      | Learned a level 5 spell: Venom Bolt
  3558 | D:4      | Found a basalt altar of Yredelemnul.
  3940 | D:4      | Noticed Menkaure
  3959 | D:4      | Reached * piety under Ashenzari
  4128 | D:4      | Identified the ring of Vipt {rC+ MP+9}
  4151 | D:5      | Entered Level 5 of the Dungeon
  4164 | D:5      | Noticed Blork the orc
  4837 | D:5      | Killed Blork the orc
  4837 | D:5      | Reached XP level 7. HP: 27/27 MP: 9/14
  5235 | D:5      | Reached ** piety under Ashenzari
  5246 | D:5      | Found a runed translucent door.
  5247 | D:5      | Noticed Crazy Yiuf
  5666 | D:6      | Found a staircase to the Ecumenical Temple.
  5728 | D:6      | Reached skill level 5 in Conjurations
  5800 | D:6      | Found an ancient bone altar of Kikubaaqudgha.
  6496 | D:6      | Reached skill level 5 in Poison Magic
  6732 | D:6      | Found a white marble altar of Elyvilon.
  6919 | D:7      | Reached skill level 3 in Dodging
  7007 | D:7      | Reached skill level 4 in Dodging
  7007 | D:7      | Reached XP level 8. HP: 18/31 MP: 14/15
  7931 | D:8      | Noticed a two-headed ogre
  7932 | D:8      | Reached skill level 5 in Dodging
  8030 | D:8      | Found a shimmering altar of Xom.
  8127 | D:8      | Killed a two-headed ogre
  8127 | D:8      | Reached skill level 5 in Fighting
  8523 | D:8      | Reached XP level 9. HP: 41/41 MP: 16/16
  8788 | D:8      | Reached skill level 1 in Unarmed Combat
  9087 | D:8      | Reached *** piety under Ashenzari
  9495 | D:9      | Reached skill level 5 in Spellcasting
  9678 | D:9      | Found a sacrificial altar of Ru.
  9824 | D:9      | Noticed a troll
 10555 | D:9      | Found a staircase to the Lair.
 10565 | Lair:1   | Entered Level 1 of the Lair of Beasts
 10579 | Lair:1   | Noticed a torpor snail
 10581 | Lair:1   | Reached skill level 6 in Dodging
 10581 | Lair:1   | Reached skill level 1 in Evocations
 10581 | Lair:1   | Reached XP level 10. HP: 46/46 MP: 23/23
 10674 | Lair:1   | Noticed Grum
 11149 | Lair:2   | Reached skill level 7 in Dodging
 11509 | Lair:1   | Noticed an oklob plant
 11513 | Lair:1   | Noticed a spiny frog
 12089 | Lair:2   | Noticed a black mamba
 12107 | Lair:2   | Reached **** piety under Ashenzari
 12164 | Lair:3   | Reached skill level 5 in Stealth
 12431 | Lair:3   | Noticed a black mamba
 12626 | Lair:3   | a black mamba changed into a yaktaur
 13383 | Lair:3   | Found a staircase to the Snake Pit.
 13852 | Lair:3   | HP: 2/48 [polar bear (7)]
 13852 | Lair:3   | Slain by a polar bear
 13853 | Lair:3   | Reached XP level 9. HP: -3/44 MP: 21/31
 13856 | Lair:3   | Killed a polar bear
 13856 | Lair:3   | Reached XP level 10. HP: 48/48 MP: 23/23
 14121 | Lair:3   | Gained mutation: You tend to lose your temper in combat.
                  | [potion of mutation]
 14121 | Lair:3   | Gained mutation: You are surrounded by a mild repulsion
                  | field. (EV +2) [potion of mutation]
 14126 | Lair:3   | Lost mutation: You tend to lose your temper in combat.
                  | [potion of mutation]
 14126 | Lair:3   | Gained mutation: Your skin changes colour to match your
                  | surroundings (Stealth+). [potion of mutation]
 14126 | Lair:3   | Gained mutation: You have a pair of small horns on your
                  | head. [potion of mutation]
 14126 | Lair:3   | Gained mutation: You have a somewhat thin skeletal
                  | structure. (Dex +2, Stealth) [potion of mutation]
 14127 | Lair:3   | Lost mutation: You have a pair of small horns on your head.
                  | [potion of mutation]
 14127 | Lair:3   | Gained mutation: Your spells are a little harder to cast,
                  | but a little more powerful. [potion of mutation]
 14127 | Lair:3   | Gained mutation: You are agile. (Dex +2) [potion of
                  | mutation]
 14766 | Lair:4   | Noticed a spiny frog
 14787 | Lair:4   | Reached skill level 8 in Dodging
 15244 | Lair:2   | a black mamba changed into a queen bee
 15640 | Lair:2   | Reached ***** piety under Ashenzari
 15657 | Lair:2   | Reached skill level 9 in Dodging
 16465 | Lair:1   | Killed a torpor snail
 16942 | Lair:1   | Reached skill level 10 in Dodging
 17025 | Lair:1   | Noticed a harpy
 17025 | Lair:1   | a spiny frog changed into a harpy
 17030 | Lair:1   | Reached XP level 11. HP: 30/52 MP: 11/24
 17855 | D:9      | Found a burning altar of Makhleb.
 18089 | D:10     | Entered Level 10 of the Dungeon
 18338 | D:10     | Noticed Fannar
 18530 | D:10     | Killed Fannar
 19048 | D:11     | Noticed Nergalle
 19051 | D:11     | Noticed Harold
 19177 | D:10     | Slain by a hornet zombie
 19178 | D:10     | Reached XP level 10. HP: 0/50 MP: 33/33
 19243 | D:10     | HP: 1/50 [orc priest/+4 dagger (9)]
 19253 | D:10     | Slain by an orc priest
 19254 | D:10     | Reached XP level 9. HP: -5/46 MP: 32/32
 19384 | D:10     | Killed from afar by an orc priest

Levels and vault maps discovered:
D:1:      erik_arrival_triangle_small, layout_basic, minivault_27
D:2:      layout_loops_ring, nicolae_overflow_hidden_temple,
          nicolae_dithmenos_shadow_blocks
D:3:      layout_loops_corners, ashenzari_altar_1, uniq_sigmund
D:4:      layout_loops_corners, yredelemnul_forgotten_temple_becter,
          first_ration, uniq_menkaure
D:5:      layout_basic, uniq_blork_the_orc, uniq_crazy_yiuf_cottage
D:6:      layout_cave_pods, lemuel_doored_altar, marbit_many_paths,
          minmay_temple_entry_from_below_b, chequers_serial_rivers_small_b
D:7:      minmay_flawed_box, layout_loops_ring
D:8:      layout_rooms, old_standard_altar
D:9:      layout_small_grid, kennysheep_little_box, overflow_temple_1_default,
          due_lair_maze_entry_diamond, hangedman_fish_farm
D:10:     layout_irregular_city, uniq_fannar
D:11:     layout_cave_pools, st_stairs_12, uniq_harold, uniq_nergalle
Lair:1:   layout_small_grid, enter_volcano_4, grunt_megastairs_2,
          minmay_lair_oklob_chamber, uniq_grum
Lair:2:   layout_gridlike, small_statue_intersection
Lair:3:   layout_chaotic_city, minmay_snake_entry_guardpost_small,
          lemuel_fruit_fields
Lair:4:   layout_roguey, minmay_swamp_entry_swarm, infiniplex_staircase_pool_2,
          grunt_megastairs_3, lemuel_fruit_fields

Skill      XL: |  1  2  3  4  5  6  7  8  9 10 11 |
---------------+----------------------------------+-----
Poison Magic   | 3 5 |  5.0
Conjurations   | 1 3 4 5 8 |  8.2
Spellcasting   | 3 4 8 9 |  9.2
Dodging        | 4 5 6 10 | 10.6
Fighting       | 6 8 9 |  9.7
Unarmed Combat | 2 |  2.4
Evocations     | 1 2 |  2.0
Stealth        | 5 |  5.3

Action                   |  1- 3 |  4- 6 |  7- 9 | 10-12 || total
-------------------------+-------+-------+-------+-------++-------
Melee: Unarmed           |    66 |    22 |    58 |   135 ||   281
       Bite              |     2 |     2 |     7 |    16 ||    27
       Punch             |       |       |     2 |     2 ||     4
 Cast: Sting             |    81 |   108 |   267 |   302 ||   758
       Mephitic Cloud    |       |     6 |    25 |    27 ||    58
       Venom Bolt        |       |       |    15 |    89 ||   104
Invok: Curse Item        |       |     2 |       |       ||     2
Evoke: Wand              |       |       |     1 |    10 ||    11
       Phial of floods   |       |       |       |     1 ||     1
  Use: Scroll            |       |     3 |     5 |     6 ||    14
       Potion            |       |     1 |       |     9 ||    10
 Stab: Distracted        |     1 |       |       |       ||     1
       Sleeping          |       |     1 |       |       ||     1
       Confused          |       |       |     2 |       ||     2
       Paralysed         |       |       |     2 |       ||     2
  Eat: Chunk             |    10 |     3 |    20 |    46 ||    79
Armor: Skin              |     7 |     3 |     7 |    10 ||    27
Dodge: Dodged            |    85 |    47 |   134 |   411 ||   677

Table legend:
 A = Non-vault XP
 B = Vault XP
 C = Vault XP percentage of total XP
 D = Non-vault monster count
 E = Vault monster count
 F = Vault count percentage of total count
                 A         B        C        D         E       F
            +---------+---------+-------+---------+---------+-------
      Total |   15824 |    4199 |  21.0 |     234 |      28 |  10.7
            +---------+---------+-------+---------+---------+-------
        D:1 |      48 |       0 |   0.0 |      23 |       0 |   0.0
        D:2 |      53 |       0 |   0.0 |      19 |       0 |   0.0
        D:3 |      82 |     208 |  71.7 |      23 |       1 |   4.2
        D:4 |      91 |       0 |   0.0 |       6 |       0 |   0.0
        D:5 |     207 |      94 |  31.2 |      13 |       1 |   7.1
        D:6 |     515 |       0 |   0.0 |      21 |       0 |   0.0
        D:7 |      43 |     219 |  83.6 |       1 |       6 |  85.7
        D:8 |    1947 |       0 |   0.0 |      33 |       0 |   0.0
        D:9 |    2105 |    1425 |  40.4 |      22 |      10 |  31.2
       D:10 |     976 |    1028 |  51.3 |      18 |       1 |   5.3
     Lair:1 |    2396 |     443 |  15.6 |      11 |       4 |  26.7
     Lair:2 |    3610 |       0 |   0.0 |      22 |       0 |   0.0
     Lair:3 |    2732 |     652 |  19.3 |      17 |       4 |  19.0
     Lair:4 |    1019 |     130 |  11.3 |       5 |       1 |  16.7
            +---------+---------+-------+---------+---------+-------
